Unix NetHack Version 5.0.0-0 post-release - last build May 23 2026 06:08:33 (1c0ff79ee797540d5714e4e18072db0edd9e58ae,branch:main).

Game began 2026-05-23 21:18:20, ended 2026-05-23 21:50:24.

Haxasaurus, lawful female dwarven Valkyrie

                     -----      ---------
                     |...|      |.......|       -----------    ----------
        ------    ###+...|      |........####   |..........##  |........|
        |...`-#####  |....#     |.......| # ####|.@.......| ###-^.......|
        |....|       |...|######........| #   ##|.........|    |........|
        |.....###%##0-----#     -------.- #   ##--.--------    |.(......|
        --|---      ###########################################.........|
        ###            #  #           #   # #     #            ----------
     ####              #  #           #   ###     #
     #                 ######      ####   ##      ##
     #                    # ##     #    ####   ----.----
     #                   ##  ##  ###    #######...>....|
     #                   #----|--.---  ##  ####|.......|
     #                    |.........| ###     #|.....).|
    -.-------             |..^.......###      #........|
    |....<..|             |.........|##        |.......|
    |G......|             |.........|#         |....(..|
    |.......|             |..........#         ---------
    ---------             -----------

Haxasaurus the Skirmisher   St:17 Dx:15 Co:18 In:9 Wi:9 Ch:8  Lawful
Dlvl:6  $:0  HP:49(50) Pw:8(8) AC:0  Xp:5/281 T:3472 

Latest messages:
 There is a broken door here.
 What do you want to use or apply?
 You are now wearing a blindfold.
 You can't see any more.
 The leprechaun vanishes and reappears close by.
 There is a broken door here.
 You hit the leprechaun.
 The leprechaun just misses!
 You hit the leprechaun.
 The leprechaun hits!
 [HP -1, 49 left]
 You hit the leprechaun.
 The leprechaun misses!
 The leprechaun just misses!
 You miss the leprechaun.
 The leprechaun misses!
 You miss the leprechaun.
 The leprechaun hits!
 [HP -1, 48 left]
 You hit the leprechaun.
 The leprechaun hits!
 [HP -2, 46 left]
 The leprechaun hits!
 [HP -2, 44 left]
 You miss the leprechaun.
 The leprechaun hits!
 [HP -1, 44 left]
 You kill the leprechaun!
 What do you want to use or apply?
 You were wearing a blindfold.
 You can see again.
 Where do you want to travel to?
 (For instructions type a '?')
 There is a staircase down here.
 You descend the stairs.
 There is a staircase up to level 6 here.
 You see here a statue of a raven.
 There is a staircase up to level 6 here.
 You see here a statue of a raven.
 There is a staircase up to level 6 here.
 You climb up the stairs.
 You remember this level as vault.
 There is a staircase down to level 7 here.
 There is a broken door here.
 Really quit without saving? y
 Do you want your possessions identified? y
 Do you want to see your attributes? y
 Do you want an account of creatures vanquished? [ynaq] (y) y
 Do you want to see your conduct and achievements? y
 Do you want to see the dungeon overview? y

Inventory:
 Weapons  (')')
  b - a +0 dagger (alternate weapon; not wielded)
  z - a +0 elven dagger
  q - a blessed +0 spear (at the ready)
  x - a +0 spear (weapon in right hand)
 Armor    ('[')
  H - an uncursed +0 orcish helm (being worn)
  c - an uncursed +3 small shield (being worn)
  B - an uncursed +0 dwarvish cloak (being worn)
  E - an uncursed +0 elven mithril-coat (being worn)
 Comestibles  ('%')
  d - an uncursed food ration
 Scrolls  ('?')
  j - an uncursed scroll of charging
  n - a blessed scroll of identify
  o - an uncursed scroll of light
  F - a blessed scroll of magic mapping
  D - an uncursed scroll of scare monster
  K - an uncursed scroll of scare monster
 Potions  ('!')
  k - an uncursed potion of gain ability
  L - an uncursed potion of healing
  M - a cursed potion of healing
  r - an uncursed potion of levitation
  g - an uncursed potion of restore ability
  w - a blessed potion of sickness
  p - an uncursed potion of sickness
 Rings    ('=')
  l - an uncursed ring of searching
  C - an uncursed ring of slow digestion
 Wands    ('/')
  G - a wand of magic missile (0:5)
 Tools    ('(')
  f - an uncursed blindfold
  y - an uncursed towel
 Gems/Stones  ('*')
  i - an uncursed obsidian stone
  s - an uncursed worthless piece of black glass
  t - 2 uncursed worthless pieces of yellowish brown glass

Haxasaurus the Valkyrie's attributes:

Background:
 You were a Skirmisher, a level 5 dwarven Valkyrie.
 You were lawful, nominally on a mission for Tyr
 who was opposed by Odin (neutral) and Loki (chaotic).
 You were right-handed.
 You were in the Dungeons of Doom, on level 6.
 You entered the dungeon 3472 turns ago.
 You had 281 experience points, 39 more were needed to attain level 6.

Basics:
 You had 49 out of 50 hit points.
 You had all 8 energy points (spell power).
 Your armor class was 0.
 Your wallet was empty.
 Autopickup was on for '$"=/!?' plus thrown, with exceptions.

Final Characteristics:
 Your strength was 17 (limit:18/100).
 Your dexterity was 15 (limit:20).
 Your constitution was 18 (limit:20).
 Your intelligence was 9 (limit:16).
 Your wisdom was 9 (limit:16).
 Your charisma was 8 (limit:16).

Final Status:
 You weren't hungry.
 You were unencumbered.
 You were wielding a spear.
 You had basic skill with spear and could have enhanced that.

Final Attributes:
 You were piously aligned.
 Your items were somewhat protected from fire.
 You were cold resistant.
 Your items were somewhat protected from cold.
 You were telepathic.
 You had infravision.
 You were stealthy.
 You were guarded.
 You survived.

Miscellaneous:
 You didn't encounter any bones levels.
 Total elapsed playing time was 32 minutes and 3 seconds.

Major events:
 Turn
    1: Haxasaurus the lawful dwarven Valkyrie entered the dungeon
  726: attained the rank of Skirmisher (level 3)
 3472: quit

You didn't know any spells.

Skills:
 Fighting Skills
   bare handed combat [Unskilled]
   two weapon combat  [Unskilled]
   riding             [Unskilled]
 Weapon Skills
   dagger             [Basic]
   axe                [Unskilled]
   pick-axe           [Unskilled]
   short sword        [Unskilled]
   broadsword         [Unskilled]
   long sword         [Unskilled]
   two-handed sword   [Unskilled]
   saber              [Unskilled]
   hammer             [Unskilled]
   quarterstaff       [Unskilled]
   polearms           [Unskilled]
   spear              [Basic]
   trident            [Unskilled]
   lance              [Unskilled]
   sling              [Unskilled]
 Spellcasting Skills
   attack spells      [Unskilled]
   escape spells      [Unskilled]

Voluntary challenges:
 Character rerolling was not enabled.
 You were an atheist.
 You never genocided any monsters.
 You never polymorphed an object.
 You never changed form.
 You used no wishes.
Achievement:
 You attained the rank of Skirmisher.

 The Dungeons of Doom: levels 1 to 7
    Level 1:
    Level 2:
       A sink.
    Level 3:
       A fountain.
    Level 4:
    Level 5: "vault"
       A fountain.
    Level 6: "vault" <- You were here.
    Level 7:


Vanquished creatures:
  a leprechaun
  a rock piercer
  a kobold mummy
  a gray ooze
  a little dog
  a floating eye
  a kitten
  a dwarf
  a homunculus
  a kobold leader
  3 hill orcs
  2 rothes
  a rabid rat
  a centipede
  a giant bat
  a werejackal
  4 iguanas
  a gas spore
  2 hobbits
  a manes
  2 giant rats
  6 cave spiders
  3 yellow molds
  a green mold
  a red mold
  a gnome
  3 geckos
  2 jackals
  a fox
  2 goblins
  a sewer rat
 11 grid bugs
  a bat
  6 lichens
  2 kobold zombies
  7 newts
77 creatures vanquished.

No species were genocided or became extinct.

Farvel Haxasaurus the Valkyrie...

You quit in The Dungeons of Doom on dungeon level 6 with 1424 points,
and 0 pieces of gold, after 3472 moves.
You were level 5 with a maximum of 50 hit points when you quit.

